 Dungeon Crawl Stone Soup version 0.28-a0-461-g2dc4ca5097 (webtiles) character file.

Game seed: 12785356064959275881

1378 Rennog the Slasher (level 8, -2/93 HPs)
             Began as a Demonspawn Berserker on Sept 14, 2021.
             Was an Elder of Trog.
             Killed from afar by an electric eel (13 damage)
             ... with a bolt of electricity
             ... on level 5 of the Dungeon.
             The game lasted 00:06:07 (6486 turns).

Rennog the Slasher (Demonspawn Berserker)           Turns: 6486, Time: 00:06:08

Health: -2/93      AC: 13    Str: 18    XL:     8   Next: 39%
Magic:  8/8        EV:  6    Int:  9    God:    Trog [****..]
Gold:   271        SH:  0    Dex: 14    Spells: 7/7 levels left

rFire   . . .      SeeInvis .   v - +4 falchion (vorpal)
rCold   . . .      Faith    .   (no shield)
rNeg    . . .      Spirit   .   r - +0 plate armour
rPois   .          Reflect  .   q - +0 helmet
rElec   .          Harm     .   w - +0 cloak
rCorr   .          Rampage  .   (no gloves)
Will    +....                   (no boots)
Stlth   ..........              (no amulet)
HPRegen 0.25/turn               c - ring of willpower
MPRegen 0.11/turn               (no ring)

@: berserking, very quick
A: talons 1, foul stench 1, spiny 1
a: Renounce Religion, Berserk, Trog's Hand, Brothers in Arms


You were on level 5 of the Dungeon.
You worshipped Trog.
Trog was greatly pleased with you.
You visited 1 branch of the dungeon, and saw 5 of its levels.
You also visited: Sewer.

You collected 271 gold pieces.

Inventory:

Hand Weapons
 a - a +0 falchion
 v - a +4 vorpal falchion (weapon)
Armour
 b - a +0 animal skin
 o - a +0 scale mail
 q - a +0 helmet (worn)
 r - a +0 plate armour (worn)
 w - a +0 cloak (worn)
Jewellery
 c - a ring of willpower (left hand)
Wands
 l - a wand of polymorph (13)
 A - a wand of flame (11)
Scrolls
 d - 2 scrolls of enchant weapon {unknown}
 e - 2 scrolls of identify {unknown}
 f - 4 scrolls of magic mapping {unknown}
 h - a scroll of summoning {unknown}
 j - a scroll of fog {unknown}
 m - a scroll of fear {unknown}
 p - a scroll of holy word {unknown}
 s - 2 scrolls of amnesia {unknown}
 y - a scroll of blinking {unknown}
Potions
 g - a potion of might {unknown}
 i - a potion of degeneration {unknown}
 k - 3 potions of curing {unknown}
 n - 3 potions of brilliance {unknown}
 t - a potion of invisibility {unknown}
 u - a potion of mutation {unknown}
 x - a potion of cancellation {unknown}
 z - a potion of heal wounds {unknown}


   Skills:
 + Level 5.3 Fighting
 + Level 7.6 Long Blades
 + Level 3.4 Armour
 + Level 3.3 Dodging
 + Level 2.0 Stealth


You had 7 spell levels left.
You didn't know any spells.
Your spell library was empty.

Dungeon Overview and Level Annotations

Branches:
Dungeon (5/15)             Temple (0/1) D:5           Sewer (visited)

Altars:
Elyvilon
Sif Muna
Wu Jian

Shops:
D:2 *   D:5 [

Annotations:
D:5 1 transporter


Innate Abilities, Weirdness & Mutations

You have sharp toenails.
You may rarely emit foul miasma when damaged in melee.
You are partially covered in sharp spines.


Message History

a +0 scythe; a +0 robe; a hobgoblin corpse
There is an open door, spattered with blood here.
Partly explored, unvisited transporter.
Partly explored, unvisited transporter.
Partly explored, unvisited transporter.
There is a transporter here.
You see here 26 bolts.
You see here 26 bolts.
There is a transporter here.
You enter the transporter and appear at another place.
A - a wand of flame (11)
You open the door.
The electric eel shoots out a bolt of lightning at you!
The bolt of electricity hits you. x2; The bolt of electricity hits the plant!
The plant begins to die.
The electric eel shoots out a bolt of lightning at you!
The bolt of electricity hits you. The bolt of electricity hits you!
There is an open door here.
The electric eel shoots out a bolt of lightning at you!
The bolt of electricity hits you! The bolt of electricity hits you.
A red film seems to cover your vision as you go berserk!
You feel yourself moving faster!
You feel mighty!
You slash the electric eel! Your kick misses the electric eel.
The electric eel is severely wounded.
The electric eel shoots out a bolt of lightning at you!
The bolt of electricity hits you!
The electric eel shoots out a bolt of lightning at you!
The bolt of electricity hits you!
* * * LOW HITPOINT WARNING * * *
The bolt of electricity hits you!
* * * LOW HITPOINT WARNING * * *
You slash the electric eel!
You kill the electric eel!
Trog accepts your kill.
You slash the electric eel!
The electric eel is severely wounded.
A nearby plant withers and dies.
The electric eel shoots out a bolt of lightning at you!
The bolt of electricity hits you!
You die...

####.[.........#)))#.......# #.
#...........#)))#.####..# #.
##..##.......##'##..####.## #.
##....#...............##...# ##.
#.........................####..
###.............................
####........###############......
............#8≈#≈;≈≈≈≈≈#P8#.....#
......#....(#..#@.≈P≈≈≈#..#....##
#.....###..©#©.'..≈⌠P≈P+)©#©...#.
##...## ##..#..#..≈≈≈≈≈#..#.....#
##.## ##.#8P#≈≈≈≈≈≈≈#P8#.##..#
### #.###############.##..#
#.................##.(#
#######........#..#...#
##.............## #........#..###


You could see an electric eel.

Vanquished Creatures
  Sigmund (D:4)
  Eustachio (D:4)
  The ghost of yellowboar the Gusty, an amateur DEAE (D:3)
  2 sky beasts
  2 ogres
  A necrophage (D:5)
  A bullfrog (Sewer)
  A scorpion (D:4)
  An electric eel (D:5)
  A centaur zombie (D:5)
  A jelly (D:5)
  A hound (D:4)
  Crazy Yiuf (D:4)
  2 orc wizards
  Robin (D:4)
  7 adders
  An ufetubus (D:4)
  3 worms
  2 dart slugs
  12 orcs
  8 endoplasms
  8 giant cockroaches
  9 hobgoblins
  6 quokkas
  17 ball pythons
  3 bats
  8 frilled lizards
  17 goblins
  2 kobolds
  8 rats
129 creatures vanquished.

Vanquished Creatures (others)
  A plant (D:5)
1 creature vanquished.

Grand Total: 130 creatures vanquished

Notes
Turn   | Place    | Note
-------+----------+-------------------------------------------
     0 | D:1      | Rennog the Demonspawn Berserker began the quest for the
                  | Orb.
     0 | D:1      | Reached XP level 1. HP: 18/18 MP: 1/1
   215 | D:1      | Reached skill level 3 in Long Blades
   224 | D:1      | Gained mutation: You are partially covered in sharp spines.
                  | [demonic ancestry]
   224 | D:1      | Reached XP level 2. HP: 22/24 MP: 2/2
  1107 | D:2      | Reached XP level 3. HP: 24/29 MP: 3/3
  1623 | D:2      | Reached ** piety under Trog
  1911 | D:2      | Found a faded altar of an unknown god.
  2089 | D:2      | Found Icoom's Assorted Antiques.
  2358 | D:2      | Reached XP level 4. HP: 25/35 MP: 4/4
  2813 | D:3      | Found a glowing drain.
  2833 | D:3      | Reached skill level 4 in Long Blades
  2859 | Sewer    | Entered a sewer
  3256 | Sewer    | Noticed a bullfrog
  3263 | Sewer    | Killed a bullfrog
  3264 | Sewer    | Reached skill level 1 in Stealth
  3264 | Sewer    | Gained mutation: You have sharp toenails. [demonic
                  | ancestry]
  3264 | Sewer    | Reached XP level 5. HP: 42/42 MP: 5/5
  3620 | D:3      | Found a shimmering blue altar of Sif Muna.
  3660 | D:3      | Reached *** piety under Trog
  3863 | D:3      | Found a runed translucent door.
  4139 | D:3      | Reached skill level 5 in Long Blades
  4315 | D:3      | Noticed yellowboar's ghost (amateur DEAE)
  4378 | D:3      | Killed yellowboar's ghost
  4379 | D:3      | Reached XP level 6. HP: 48/48 MP: 6/6
  4449 | D:4      | Noticed Sigmund
  4455 | D:4      | Killed Sigmund
  4604 | D:4      | Reached skill level 6 in Long Blades
  4604 | D:4      | Reached XP level 7. HP: 43/55 MP: 7/7
  4687 | D:4      | Noticed Eustachio
  4689 | D:4      | Noticed Robin
  4700 | D:4      | Killed Eustachio
  4714 | D:4      | Killed Robin
  5258 | D:4      | Found an ornate altar of the Wu Jian Council.
  5275 | D:4      | Reached skill level 7 in Long Blades
  5366 | D:4      | Found a runed translucent door.
  5367 | D:4      | Noticed Crazy Yiuf
  5676 | D:4      | Killed Crazy Yiuf
  5677 | D:4      | Reached skill level 5 in Fighting
  5699 | D:5      | Entered Level 5 of the Dungeon
  5730 | D:5      | Gained mutation: You may rarely emit foul miasma when
                  | damaged in melee. [demonic ancestry]
  5730 | D:5      | Reached XP level 8. HP: 60/62 MP: 8/8
  5853 | D:5      | Found Ziqiu's Antique Armour Boutique.
  5870 | D:5      | Reached **** piety under Trog
  5884 | D:5      | Found a staircase to the Ecumenical Temple.
  5907 | D:5      | Found a transporter.
  6002 | D:5      | Found a transporter.
  6486 | D:5      | Killed from afar by an electric eel

Illustrated notes

Levels and vault maps discovered:
D:1:      dpeg_arrival_arbitrary_b, layout_basic, serial_corexii_hall,
          chequers_hall_statues_corner_a, chequers_hall_statues_corner_a
D:2:      layout_basic, serial_shops, shop,
          hellmonk_ecumenical_altar_slurped_away
D:3:      layout_loops_corners, lemuel_round_altar,
          ebering_ghost_reflecting_pool, cheibrodos_sewer_entry_drain
D:4:      layout_loops_ring, grunt_temple_overflow_open, minmay_ruptured,
          uniq_eustachio, uniq_crazy_yiuf_cottage, uniq_sigmund, uniq_robin
D:5:      gammafunk_steamed_eel, layout_cave_pools,
          minmay_temple_entry_sparse_star, serial_shops, shop_statue,
          sigmund_army

Skill      XL: |  1  2  3  4  5  6  7  8 |
---------------+-------------------------+-----
Long Blades    | 3 4 5 6 7 |  7.6
Dodging        | 2 3 |  3.3
Stealth        | 1 2 |  2.0
Fighting       | 4 5 |  5.3
Armour         | 2 3 |  3.4

Action                   |  1- 3 |  4- 6 |  7- 9 || total
-------------------------+-------+-------+-------++-------
Melee: Falchion          |    71 |    91 |    85 ||   247
       Kick              |       |    16 |    17 ||    33
Invok: Berserk           |     2 |     4 |     3 ||     9
 Stab: Sleeping          |     1 |       |       ||     1
Armor: Animal skin       |    11 |    10 |       ||    21
       Scale mail        |       |     5 |    13 ||    18
       Plate armour      |       |       |    29 ||    29
Dodge: Dodged            |    37 |    46 |    25 ||   108

Table legend: (Time is in decaauts)
 A = Elapsed time spent in this place.
 B = Non-inter-level travel time spent in this place.
 C = Inter-level travel time spent in this place.
 D = Time resting spent in this place.
 E = Time spent auto-exploring this place.
 F = Levels seen in this place.
 G = Mean time per level.
                   A        B        C        D        E       F      G
               +--------+--------+--------+--------+--------+-----+--------+
         Total |   6617 |   6350 |    267 |     91 |   5459 |   6 | 1102.8 |
       Dungeon |   6153 |   5886 |    267 |     91 |   5125 |   5 | 1230.6 |
         Sewer |    464 |    464 |      0 |      0 |    334 |   1 |  464.0 |
               +--------+--------+--------+--------+--------+-----+--------+

Top non-repeatable levels by time:
     D:2: 1738 daAuts
     D:3: 1304 daAuts
     D:4: 1270 daAuts
     D:1: 1056 daAuts
     D:5: 784 daAuts
   Sewer: 464 daAuts
